 Dungeon Crawl Stone Soup version 0.20.1-1-g8b1a95d (webtiles) character file.

59 polve the Changer (level 3, -1/42 HPs)
             Began as a Draconian Transmuter on Aug 7, 2017.
             Slain by an adder (3 damage)
             ... on level 3 of the Dungeon.
             The game lasted 00:02:16 (2112 turns).

polve the Changer (Draconian Transmuter)            Turns: 2112, Time: 00:02:16

Health: -1/42      AC: 21    Str: 15 (17) XL:     3   Next: 78%
Magic:  6/6        EV:  2    Int: 11 (14) God:
Gold:   119        SH:  0    Dex: 14 (16) Spells: 0/6 levels left

rFire    + . .     SeeInvis .     - Unarmed
rCold    . . .     Gourm    .   (no shield)
rNeg     + + +     Faith    .   (armour unavailable)
rPois    +         Spirit   .   (helmet currently unavailable)
rElec    .         Reflect  .   (cloak currently unavailable)
rCorr    .         Harm     .   (gloves currently unavailable)
MR       .....     NoTele   +   (boots currently unavailable)
Stlth    ++........             (no amulet)
Regen    0.2/turn               l - ring of teleportation (curse)
MPRegen  0.1/turn               q - ring of protection from fire

@: mighty, agile, lethally poisoned (-1 -> -9), tree-form, heavily drained
A: unfitting armour, AC +5
a: no special abilities


You were on level 3 of the Dungeon.
You were not hungry.
You were a tree.
You visited 1 branch of the dungeon, and saw 3 of its levels.

You collected 119 gold pieces.

Inventory:

Missiles
 a - 12 arrows
Jewellery
 l - a cursed ring of teleportation (left branch)
 p - a +2 ring of dexterity
 q - a ring of protection from fire (right branch)
Scrolls
 e - a scroll of teleportation {unknown}
 i - a scroll of identify {unknown}
 k - a scroll of noise {unknown}
 n - a scroll of enchant armour {unknown}
 o - a scroll of blinking {unknown}
 r - a scroll of amnesia {unknown}
Potions
 j - a potion of degeneration
Books
 b - a book of Changes

   Spells                             Type                      Level
   a - Beastly Appendage              Transmutation                1
   b - Sticks to Snakes               Transmutation                2
   c - Spider Form                    Transmutation/Poison         3
   d - Ice Form                       Ice/Transmutation            4
   e - Blade Hands                    Transmutation                5
Comestibles
 c - 3 bread rations
 d - 3 meat rations
 f - a royal jelly


   Skills:
 - Level 1.1(0.0) Fighting
 - Level 1.7(0.1) Dodging
 - Level 3.0(1.3) Unarmed Combat
 - Level 2.0(0.4) Spellcasting
 - Level 3.5(1.8) Transmutations
 + Level 2.0(0.4) Poison Magic


You couldn't memorise any spells.
You knew the following spells:

 Your Spells              Type           Power        Failure   Level  Hunger
a - Beastly Appendage     Tmut           #.....       16%         1    ##.....
b - Sticks to Snakes      Tmut           #.......     24%         2    ###....
c - Spider Form           Tmut/Pois      #.........   54%         3    ####...


Dungeon Overview and Level Annotations

Branches:
Dungeon (3/15)

Altars:
Kikubaaqudgha


Innate Abilities, Weirdness & Mutations

((Your plain brown scales are hard. (AC +5)))
You cannot fit into any form of body armour.
((You are cold-blooded and may be slowed by cold attacks.))


Message History

* * * LOW HITPOINT WARNING * * *
You feel sick. The adder bites you but does no damage.
It was a potion of might.
You feel very mighty all of a sudden.
* * * LOW HITPOINT WARNING * * *
You feel sick. The adder closely misses you.
The adder bites you but does no damage.
It was a potion of agility.
You feel agile all of a sudden.
* * * LOW HITPOINT WARNING * * *
You feel sick. The adder misses you.
It was a potion of lignification.
You turn into a tree.
Your roots penetrate the ground.
* * * LOW HITPOINT WARNING * * *
You feel sick. The adder bites you but does no damage.
You closely miss the adder.
The adder is heavily wounded.
* * * LOW HITPOINT WARNING * * *
You feel sick. The adder bites you but does no damage. The adder bites you.
You die...

.# ###.#
##.... ...[#
#!..# #. # .!.
#.. #.#S# ...
#.♣## ..#
###.# #.#
##.#[....#
#.###.##.....#
#..#.........#
#....###.....#
####.# ...<.#
####(#########
#..)....#


You could see an adder.

Vanquished Creatures
  A howler monkey skeleton (D:2)
  An adder (D:2)
  An adder zombie (D:2)
  A worm (D:2)
  A dart slug (D:2)
  3 bats
  2 giant cockroaches (D:2)
  7 goblins
  2 hobgoblins
  2 quokkas (D:2)
  A ball python (D:2)
  3 frilled lizards
  4 kobolds
  A leopard gecko skeleton (D:2)
  2 rats (D:2)
32 creatures vanquished.

Vanquished Creatures (others)
  A human (D:2)
1 creature vanquished.

Grand Total: 33 creatures vanquished

Notes
Turn   | Place    | Note
-------+----------+-------------------------------------------
     0 | D:1      | polve the Draconian Transmuter began the quest for the Orb.
     0 | D:1      | Reached XP level 1. HP: 16/16 MP: 3/3
   621 | D:1      | Reached XP level 2. HP: 15/23 MP: 5/5
  1074 | D:2      | Reached XP level 3. HP: 20/28 MP: 6/6
  1078 | D:2      | Learned a level 2 spell: Sticks to Snakes
  1082 | D:2      | Learned a level 3 spell: Spider Form
  1411 | D:2      | Found an ancient bone altar of Kikubaaqudgha.
  1414 | D:2      | Noticed a human
  1416 | D:2      | Killed a human
  1439 | D:2      | Reached skill level 1 in Poison Magic
  2112 | D:3      | HP: 2/42 [poisoned by an adder]
  2112 | D:3      | Slain by an adder

Skill      XL: |  1  2  3 |
---------------+----------+-----
Transmutations | 3 |  3.5
Poison Magic   | 2 |  2.0
Fighting       | |  1.1
Dodging        | |  1.7
Unarmed Combat | |  3.0
Spellcasting   | |  2.0

Action                   || total
-------------------------++-------
Melee: Unarmed           ||   139
       Kick              ||     9
       Tailslap          ||     8
       Headbutt          ||     4
       Punch             ||     1
 Cast: Beastly Appendage ||    15
  Use: Potion            ||     4
 Stab: Sleeping          ||     1
  Eat: Chunk             ||     4
Armor: Skin              ||    55
Dodge: Dodged            ||   104
